 Dungeon Crawl Stone Soup version 0.18-a0-1159-gf481d65 (webtiles) character file.

131 RedPan the Conjurer (level 4, 0/33 HPs)
             Began as a Draconian Conjurer on Jan 24, 2016.
             Killed by nerve-wracking pain
             ... invoked by Grinder
              (3 damage)
             ... while paralysed by Grinder
             ... on level 3 of the Dungeon.
             The game lasted 00:12:42 (2854 turns).

RedPan the Conjurer (Draconian Conjurer)            Turns: 2854, Time: 00:12:43

Health: 0/33       AC:  7    Str: 10    XL:     4   Next: 91%
Magic:  4/8        EV:  2    Int: 16    God:
Gold:   129        SH:  0    Dex: 12    Spells: 2 memorised, 4 levels left

rFire  . . .     SeeInvis .     h - +1 whip
rCold  . . .     Gourm    .     (armour unavailable)
rNeg   . . .     Faith    .     (no shield)
rPois  .         Spirit   .     (helmet restricted)
rElec  .         Dismiss  .     (no cloak)
rCorr  +         Reflect  +     o - +1 pair of gloves
SustAt .         Harm     .     (no boots)
MR     .....                    k - +6 amulet of reflection
Stlth  ++........               (no ring)
                                j - ring of resist corrosion

@: paralysed, drained, not resistant to hostile enchantments, unstealthy
A: unfitting armour, cold-blooded, AC +5
a: no special abilities


You were on level 3 of the Dungeon.
You were hungry.

You visited 1 branch of the dungeon, and saw 3 of its levels.

You collected 129 gold pieces.

Inventory:

Hand Weapons
 h - a +1 whip (weapon)
Armour
 o - a +1 pair of gloves (worn)
Jewellery
 g - an uncursed amulet of harm
 j - a ring of resist corrosion (left hand)
 k - a +6 amulet of reflection (around neck)
 q - an uncursed amulet of rage
Wands
 p - a wand of random effects (16/48)
Scrolls
 c - a scroll of enchant weapon
 e - a scroll of remove curse
 f - 2 scrolls of fear
 t - a scroll of magic mapping {unknown}
 u - a scroll of teleportation {unknown}
Potions
 d - a potion of might {unknown}
 i - a potion of agility {unknown}
 n - a potion of lignification {unknown}
 r - 2 potions of heal wounds
 s - a potion of brilliance {unknown}
 v - a potion of mutation {unknown}
Books
 a - a book of Conjurations

   Spells                             Type                      Level
   a - Magic Dart                     Conjuration                  1
   b - Searing Ray                    Conjuration                  2
   c - Dazzling Spray                 Conjuration/Hexes            3
   d - Fulminant Prism                Conjuration/Hexes            4
   e - Iskenderun's Mystic Blast      Conjuration                  4
   f - Iskenderun's Battlesphere      Conjuration/Charms           5
Comestibles
 b - 4 bread rations
 l - a meat ration
 m - 3 chunks of flesh


   Skills:
 - Level 1.7(1.6) Dodging
 - Level 1.7(1.6) Stealth
 + Level 3.2(3.1) Spellcasting
 * Level 5.5(5.4) Conjurations


You had 4 spell levels left.
You knew the following spells:

 Your Spells              Type           Power        Failure   Level  Hunger
a - Magic Dart            Conj           ###.         1%          1    #......
b - Iskenderun's Mystic   Conj           ###.....     21%         4    #####..


Dungeon Overview and Level Annotations

Branches:
Dungeon (3/15)

Altars:
Elyvilon
Xom

Annotations:
D:3 Grinder


Innate Abilities, Weirdness & Mutations

Your plain brown scales are hard (AC +5).
Your body does not fit into most forms of armour.
You are cold-blooded and may be slowed by cold attacks.


Message History

Evoking this partially-identified wand wasted a few charges.
Grinder gestures at you.
You suddenly lose the ability to move!
Grinder gestures at you.
You barely resist.
Grinder says, "Just stop there for a second..."
Grinder gestures at you.
You shrug off the repeated paralysis!
Grinder says, "My boss said I was rubbish.
His entrails said otherwise."
Grinder gestures at you. Pain shoots through your body!
* * * LOW HITPOINT WARNING * * *
Grinder hits you but does no damage. Grinder hits you.
* * * LOW HITPOINT WARNING * * *
You writhe in agony. x2
Your magical contamination has completely faded away.
Grinder gestures at you. Pain shoots through your body!
You die...

#.........$#...###..#
#......(......# #..#.
#............####.##.
#....................
#.............###....
#.[....[..)..##...#..
#.........#..........
#.........#..÷.####..
#...@5.%...).### ##.
#.........#..#######.
##..÷(....#..........
##.......#..........
#####..#...........
#..##...........
#..............#
####............
###.........#


You could see Grinder.

Vanquished Creatures
  4 gnolls (D:3)
  5 adders (D:2)
  2 giant geckos
  8 goblins
  4 hobgoblins
  7 kobolds
  A quokka (D:2)
  7 bats
  6 giant newts
  9 rats
53 creatures vanquished.

Notes
Turn   | Place    | Note
--------------------------------------------------------------
     0 | D:1      | RedPan the Draconian Conjurer began the quest for the Orb.
     0 | D:1      | Reached XP level 1. HP: 14/14 MP: 3/3
   424 | D:1      | Reached XP level 2. HP: 11/20 MP: 0/5
  1025 | D:2      | Reached XP level 3. HP: 26/26 MP: 1/6
  1102 | D:2      | Found a white marble altar of Elyvilon.
  1272 | D:2      | Reached skill level 5 in Conjurations
  1732 | D:2      | Reached XP level 4. HP: 29/33 MP: 2/8
  2000 | D:2      | Learned a level 4 spell: Iskenderun's Mystic Blast
  2361 | D:3      | Found a shimmering altar of Xom.
  2363 | D:3      | Found a shimmering altar of Xom.
  2428 | D:3      | Noticed Grinder
  2432 | D:3      | Paralysed by Grinder for 3 turns
  2768 | D:3      | Found a shimmering altar of Xom.
  2779 | D:3      | Found a shimmering altar of Xom.
  2782 | D:3      | Found a shimmering altar of Xom.
  2838 | D:3      | Paralysed by Grinder for 6 turns
  2848 | D:3      | Paralysed by Grinder for 7 turns
  2854 | D:3      | Killed from afar by Grinder

Vault maps used:
D:1:      lightli_arrival_windingriver, minmay_misc_feat_four_crosses
D:2:      elyvilon_altar_5
D:3:      xom_redecorated, first_bread, uniq_grinder, uniq_crazy_yiuf_cottage

Action                   |  1- 3 |  4- 6 || total
-------------------------+-------+-------++-------
Melee: Whip              |    29 |    19 ||    48
       Unarmed           |     6 |       ||     6
 Cast: Magic Dart        |    58 |    46 ||   104
Evoke: Wand              |       |     5 ||     5
  Use: Scroll            |       |     5 ||     5
 Stab: Distracted        |       |     1 ||     1
  Eat: Chunk             |     4 |     3 ||     7
